 Dungeon Crawl Stone Soup version 0.27-a0-1500-g450c7e4133 (webtiles) character file.

Game seed: 6705299459591672440

5888 lunkers the Martial Artist (level 11, -1/68 HPs)
             Began as a Djinni Warper on July 8, 2021.
             Was a Priest of Cheibriados.
             Slain by a two-headed ogre (23 damage)
             ... on level 10 of the Dungeon.
             The game lasted 00:16:05 (15606 turns).

lunkers the Martial Artist (Djinni Warper)         Turns: 15606, Time: 00:16:05

Health: -1/68      AC: 14    Str: 18    XL:     11   Next: 8%
Gold:   336        EV: 14    Int: 27    God:    Cheibriados [***...] SH:  0 Dex: 20

rFire    + + .     SeeInvis +     - Unarmed
rCold    x . .     Faith    .   (no shield)
rNeg     + . .     Spirit   .   l - +3 scale mail
rPois    ∞         Reflect  .   f - +2 helmet
rElec    .         Harm     .   B - +0 cloak
rCorr    .         Rampage  .   C - +0 pair of gloves
Will     +....                  (boots unavailable)
Stlth    ..........             c - amulet of the acrobat
HPRegen  0.21/turn              h - ring of see invisible
MPRegen  0.00/turn              a - ring of positive energy

@: flying, very slow
A: sickness immunity, fire resistance 2, cold vulnerability 1, float, innate
caster, hp casting, extra vitality 1
a: Renounce Religion, Bend Time, Temporal Distortion


You were on level 10 of the Dungeon.
You worshipped Cheibriados.
Cheibriados was most pleased with you.
You visited 2 branches of the dungeon, and saw 11 of its levels.

You collected 452 gold pieces.
You spent 116 gold pieces at shops.

Inventory:

Missiles
 j - 8 curare-tipped darts
 o - 2 throwing nets
 u - 8 boomerangs
 v - 5 boomerangs of dispersal
Armour
 f - a +2 helmet (worn)
 l - a +3 scale mail (worn)
 y - a +10 plate armour of ponderousness
 B - a +0 cloak (worn)
 C - a +0 pair of gloves (worn)
Jewellery
 a - a ring of positive energy (right hand)
 c - an amulet of the acrobat (around neck)
 h - a ring of see invisible (left hand)
 n - a ring of fire
Wands
 w - a wand of iceblast (14)
 A - a wand of flame (16)
Scrolls
 k - 3 scrolls of summoning
 q - a scroll of blinking
 r - 2 scrolls of enchant weapon
 t - 2 scrolls of magic mapping
 x - 5 scrolls of teleportation
 E - a scroll of holy word
Potions
 b - a potion of resistance {unknown}
 d - 2 potions of mutation
 e - 2 potions of flight {unknown}
 g - a potion of cancellation {unknown}
 i - 6 potions of curing
 m - a potion of invisibility {unknown}
 p - a potion of haste {unknown}
 s - 2 potions of attraction {unknown}
 z - 2 potions of brilliance {unknown}
 D - a potion of lignification {unknown}


   Skills:
 - Level 2.0 Fighting
 - Level 0.7 Throwing
 - Level 1.0 Armour
 + Level 7.3 Dodging
 * Level 11.9 Unarmed Combat
 + Level 6.9 Spellcasting


You couldn't memorise any spells.
You knew the following spells:

 Your Spells              Type           Power      Damage    Failure   Level
b - Lesser Beckoning      Tloc           23%        N/A       3%          3
c - Gell's Gravitas       Tloc           23%        N/A       3%          3
d - Teleport Other        Tloc           46%        N/A       3%          3
e - Manifold Assault      Tloc           46%        N/A       30%         5
g - Cause Fear            Hex            23%        N/A       11%         4
p - Foxfire               Conj/Fire      100%       2x1d9     1%          1
q - Blink                 Tloc           N/A        N/A       1%          2
r - Portal Projectile     Hex/Tloc       92%        N/A       3%          3
t - Dazzling Flash        Conj/Hex       92%        N/A       3%          3
w - Call Imp              Summ           46%        N/A       1%          2
Your spell library was empty.

Dungeon Overview and Level Annotations

Branches:
Dungeon (10/15)            Temple (1/1) D:4
   Lair: D:8-11         Orc: D:9-12

Altars:
Ashenzari
Cheibriados
Dithmenos
Elyvilon
Fedhas
Gozag
Hepliaklqana
Kikubaaqudgha
Makhleb
Nemelex Xobeh
Okawaru
Qazlal
Ru
Sif Muna
Trog
Uskayaw
Vehumet
Wu Jian
Xom
Zin
The Shining One
Beogh

Shops:
D:7 [

Annotations:
D:3 3 runed translucent doors, Exaltedone87's ghost, amateur DrBe
D:6 Pikel
D:8 2 transporters, pokeman's ghost, novice DEWz


Innate Abilities, Weirdness & Mutations

You are immune to sickness and miasma.
You are immune to poison.
Your flesh is very heat resistant. (rF++)
You are vulnerable to cold. (rC-)
You float through the air rather than walking.
You learn spells naturally, not from books.
Your magical power is your life essence.
You have superior vitality. (+4 HP)


Message History

Confirm with . or Enter, or press ? or * to list all spells.
The two-headed ogre resists with almost no effort.
The two-headed ogre barely misses you. The two-headed ogre misses you.
Casting: Cause Fear (dangerous; 11% risk of failure)
Confirm with . or Enter, or press ? or * to list all spells.
The two-headed ogre resists with some effort.
The two-headed ogre hits you with a +0 giant club!
The two-headed ogre hits you with a +0 dire flail!
* * * LOW HITPOINT WARNING * * *
Unknown command.
Casting: Cause Fear (dangerous; 11% risk of failure)
Confirm with . or Enter, or press ? or * to list all spells.
The two-headed ogre easily resists.
* * * LOW HITPOINT WARNING * * *
The two-headed ogre barely misses you. x2
Unknown command.
Unknown command.
Casting: Cause Fear (dangerous; 11% risk of failure)
Confirm with . or Enter, or press ? or * to list all spells.
You conjure some foxfire!
* * * LOW HITPOINT WARNING * * *
Unknown command.
Unknown command.
You closely miss the two-headed ogre. You punch the two-headed ogre.
The two-headed ogre is heavily wounded.
The foxfire hits the two-headed ogre.
The two-headed ogre is heavily wounded.
The foxfire hits the two-headed ogre.
The two-headed ogre is severely wounded.
The two-headed ogre misses you.
The two-headed ogre hits you with a +0 dire flail.
* * * LOW HITPOINT WARNING * * *
Aiming: Iceblast
Press: ? - help, Shift-Dir - straight line The mass of ice explodes!
The iceblast engulfs the two-headed ogre!
The two-headed ogre is almost dead.
You hear a shout! x2
The two-headed ogre hits you with a +0 giant club!!
You die...

#...#.....> .......
#.#...#...... .?.....
#.#...#...... .......
#.#...#...... .......
#.#...#...... #.....
#.##'##)..... #.....
#............
#....O#####............
#.....@................
#....§.................
#..........#######.....
............# .....
......####.<# .....
..#### #..# ..### .
#..# #... #....


You could see a two-headed ogre.

Vanquished Creatures
  A two-headed ogre (D:10)
  2 komodo dragons
  A shadow (D:9)
  2 wyverns
  4 yaks (D:8)
  A steam dragon (D:9)
  Menkaure (D:7)
  An acid dragon (D:7)
  3 black bears
  4 orc warriors
  2 ice beasts (D:8)
  3 necrophages (D:5)
  2 centaurs
  3 ogres
  A lemure (D:7)
  A phantom (D:5)
  A kobold brigand (D:8)
  3 bullfrogs
  2 gnoll sergeants
  A scorpion (D:8)
  A water moccasin skeleton (D:4)
  3 wights (D:8)
  4 jellies
  A centaur zombie (D:9)
  A gnoll shaman (D:7)
  A hound (D:5)
  3 orc priests
  4 centaur skeletons
  Jessica (D:3)
  7 iguanas
  4 orc wizards
  A killer bee zombie (D:7)
  2 hound skeletons (D:4)
  9 adders
  16 gnolls
  3 white imps
  An ufetubus (D:5)
  2 worms (D:2)
  3 dart slugs
  35 orcs
  7 ball pythons
  6 endoplasms
  5 giant cockroaches
  3 goblins
  4 hobgoblins
  5 jackals (D:1)
  8 kobolds
  A quokka (D:1)
  4 bats
  7 frilled lizards
  2 rats
193 creatures vanquished.

Vanquished Creatures (others)
  768 foxfires
  9 plants (D:7)
777 creatures vanquished.

Grand Total: 970 creatures vanquished

Notes
Turn   | Place    | Note
-------+----------+-------------------------------------------
     0 | D:1      | lunkers the Djinni Warper began the quest for the Orb.
     0 | D:1      | Reached XP level 1. HP: 18/18 MP: 0/0
   362 | D:1      | Reached XP level 2. HP: 22/23 MP: 0/0
  1161 | D:1      | Reached XP level 3. HP: 23/28 MP: 0/0
  1161 | D:1      | Learned a level 1 spell: Foxfire
  1306 | D:1      | Reached skill level 3 in Unarmed Combat
  1337 | D:1      | Found a faded altar of an unknown god.
  2539 | D:2      | Reached XP level 4. HP: 20/33 MP: 0/0
  3511 | D:3      | Noticed Exaltedone87's ghost (amateur DrBe)
  3577 | D:3      | Reached skill level 4 in Unarmed Combat
  3579 | D:3      | Reached XP level 5. HP: 20/38 MP: 0/0
  3579 | D:3      | Learned a level 2 spell: Call Imp
  4240 | D:3      | Found a runed translucent gate.
  4240 | D:3      | Found a runed translucent gate.
  4240 | D:3      | Found a runed translucent gate.
  4402 | D:3      | Noticed Jessica
  4410 | D:3      | Killed Jessica
  4509 | D:3      | Reached XP level 6. HP: 41/43 MP: 0/0
  4758 | D:4      | Reached skill level 5 in Unarmed Combat
  4856 | D:4      | Found a staircase to the Ecumenical Temple.
  5011 | Temple   | Entered the Ecumenical Temple
  5766 | D:4      | Reached XP level 7. HP: 19/49 MP: 0/0
  5766 | D:4      | Learned a level 3 spell: Portal Projectile
  6214 | D:5      | Entered Level 5 of the Dungeon
  6299 | D:5      | Reached skill level 6 in Unarmed Combat
  7112 | D:5      | Found a snail-covered altar of Cheibriados.
  7151 | D:5      | Became a worshipper of Cheibriados the Contemplative
  7245 | D:5      | Reached skill level 7 in Unarmed Combat
  7245 | D:5      | Reached XP level 8. HP: 32/54 MP: 0/0
  7614 | D:5      | HP: 1/54 [necrophage (2)]
  8222 | D:5      | Reached skill level 8 in Unarmed Combat
  8455 | D:6      | Reached * piety under Cheibriados
  8715 | D:6      | Reached skill level 5 in Spellcasting
  8737 | D:6      | Reached XP level 9. HP: 55/58 MP: 0/0
  8737 | D:6      | Learned a level 3 spell: Dazzling Flash
  9358 | D:7      | Noticed Pikel
  9378 | D:6      | Reached skill level 9 in Unarmed Combat
 10589 | D:7      | Noticed Menkaure
 10593 | D:7      | Killed Menkaure
 10899 | D:7      | Found Ketoc's Armour Boutique.
 11048 | D:7      | Found a glowing golden altar of the Shining One.
 11489 | D:7      | Noticed a komodo dragon
 11502 | D:7      | Killed a komodo dragon
 11503 | D:7      | Reached skill level 5 in Dodging
 11503 | D:7      | Reached skill level 10 in Unarmed Combat
 11585 | D:7      | Reached ** piety under Cheibriados
 12097 | D:7      | Bought a +0 cloak for 58 gold pieces
 12097 | D:7      | Bought a +0 pair of gloves for 58 gold pieces
 12150 | D:8      | Found a hazy altar of Hepliaklqana.
 12160 | D:8      | Found a transporter.
 12161 | D:8      | Noticed a moth of wrath
 12162 | D:8      | Noticed pokeman's ghost (novice DEWz)
 12175 | D:8      | Found a transporter.
 12186 | D:8      | Reached XP level 10. HP: 48/64 MP: 0/0
 12381 | D:8      | HP: 3/64 [yak (8)]
 13159 | D:8      | Reached *** piety under Cheibriados
 13167 | D:8      | Reached skill level 11 in Unarmed Combat
 13570 | D:8      | Found a bloodstained altar of Trog.
 14353 | D:9      | Reached **** piety under Cheibriados
 14664 | D:9      | Noticed a two-headed ogre
 15288 | D:10     | Entered Level 10 of the Dungeon
 15288 | D:10     | Noticed a komodo dragon
 15301 | D:10     | Killed a komodo dragon
 15363 | D:10     | Noticed a two-headed ogre
 15374 | D:10     | Killed a two-headed ogre
 15375 | D:10     | Reached XP level 11. HP: 22/68 MP: 0/0
 15375 | D:10     | Learned a level 4 spell: Cause Fear
 15593 | D:10     | Noticed a two-headed ogre
 15606 | D:10     | Slain by a two-headed ogre

Illustrated notes

Levels and vault maps discovered:
D:1:      grunt_arrival_crossed_arrows, layout_basic,
          hellmonk_ecumenical_altar_dog_temple, lemuel_another_geyser
D:2:      layout_loops_ring, corexii_corridor_pit, kennysheep_cross_bottleneck
D:3:      layout_loops_corners, gammafunk_ghost_icy, moated_statue,
          moated_statue, uniq_jessica
D:4:      layout_loops_ring, mainiacjoe_overflow_brackets,
          minmay_temple_entry_waves, amcnicky_mini_pool_small,
          minmay_misc_feat_cross
D:5:      black_bear_nest_2, layout_loops_ring, lemuel_crystal_altar
D:6:      layout_basic, minmay_misc_feat_five
D:7:      layout_layer_cave, general_overflow_altar, serial_shops,
          nicolae_shop_window_shopping, minmay_lizard_king, uniq_pikel,
          uniq_menkaure
D:8:      layout_rooms, mainiacjoe_overflow_cross_hatched, trog_butcher_becter,
          special_room [special_room_orc], gammafunk_ghost_berserking_beasts
D:9:      layout_irregular_city, serial_co_window_serial, co_window_corner_a,
          co_window_corner_a, co_window_paths_a, co_window_corner_a,
          co_window_paths_a, co_window_broadway_c, co_window_2corner,
          co_window_paths_c, co_window_corner_cb, co_window_cross_2,
          co_window_2corner, glass_columns_a, glass_columns_a, glass_columns_b,
          glass_columns_a, library_closet, serial_park_tiny_1
D:10:     layout_irregular_city, dk_yredelemnul_ordeal, hangedman_feature_mirror
Temple:   eino_temple_scatter_basement

Skill      XL: |  1  2  3  4  5  6  7  8  9 10 |
---------------+-------------------------------+-----
Unarmed Combat | 3 4 5 7 8 10 11 | 11.9
Spellcasting   | 3 4 5 6 |  6.9
Dodging        | 3 5 7 |  7.3
Fighting       | |  2.0
Throwing       | |  0.7
Armour         | |  1.0

Action                   |  1- 3 |  4- 6 |  7- 9 | 10-12 || total
-------------------------+-------+-------+-------+-------++-------
Melee: Unarmed           |   124 |    75 |   185 |    96 ||   480
       Punch             |     1 |     2 |     4 |    11 ||    18
Throw: Boomerang         |       |       |     5 |       ||     5
 Cast: Foxfire           |    17 |    75 |   201 |   151 ||   444
       Blink             |       |       |     1 |     3 ||     4
       Teleport Other    |       |       |       |     3 ||     3
       Cause Fear        |       |       |       |     3 ||     3
Evoke: Wand              |       |       |     4 |     3 ||     7
  Use: Scroll            |       |     1 |    14 |       ||    15
Armor: Leather armour    |     2 |       |       |       ||     2
       Ring mail         |    28 |    30 |    50 |       ||   108
       Plate armour      |       |       |    19 |       ||    19
       Scale mail        |       |       |    10 |    38 ||    48
Dodge: Dodged            |    63 |    27 |    92 |    85 ||   267

Table legend: (Time is in decaauts)
 A = Elapsed time spent in this place.
 B = Non-inter-level travel time spent in this place.
 C = Inter-level travel time spent in this place.
 D = Time resting spent in this place.
 E = Time spent auto-exploring this place.
 F = Levels seen in this place.
 G = Mean time per level.
                   A        B        C        D        E       F      G
               +--------+--------+--------+--------+--------+-----+--------+
         Total |  17282 |  16776 |    506 |   2042 |  12943 |  11 | 1571.1 |
       Dungeon |  17082 |  16595 |    487 |   2042 |  12761 |  10 | 1708.2 |
        Temple |    200 |    182 |     18 |      0 |    182 |   1 |  200.0 |
               +--------+--------+--------+--------+--------+-----+--------+

Top non-repeatable levels by time:
     D:7: 2784 daAuts
     D:9: 2104 daAuts
     D:5: 2061 daAuts
     D:8: 1888 daAuts
     D:1: 1848 daAuts
     D:6: 1759 daAuts
     D:3: 1483 daAuts
     D:4: 1458 daAuts
     D:2: 1380 daAuts
    D:10: 313 daAuts
  Temple: 200 daAuts
